 Dungeon Sprint DCSS version 0.31-a0-931-g7b59d4eb97 (webtiles) character file.

Game seed: 13163132585314169356

6569 sircluck the Brawler (level 10, -3/178 HPs)
             Began as a Troll Berserker on Oct 19, 2023.
             Was an Elder of Trog.
             Slain by a ghost moth (10 damage)
             ... in the Dungeon (Sprint VII: "The Pits").
             The game lasted 00:02:02 (760 turns).

sircluck the Brawler (Troll Berserker)               Turns: 760, Time: 00:02:02

Health: -3/178     AC:  7    Str: 31    XL:     10   Next: 70%
Magic:  0/9        EV: 14    Int:  3    God:    Trog [****..]
Gold:   0          SH:  0    Dex: 12    Spells: 9/9 levels left

rFire   . .          .
                       - Unarmed
rCold   . . .        (no shield)
rNeg    . . .        a - +0 animal skin
rPois   .            (helmet restricted)
rElec   .            (no cloak)
rCorr   .            (gloves unavailable)
SInv    .            (boots unavailable)
Will    .....        (no amulet) Stlth
                     k - +3 ring of dexterity
HPRegen 1.29/turn    m - +3 ring of protection
MPRegen 0.11/turn

%: no teleportation
@: berserking, very quick
A: large, unfitting armour, claws 3, regeneration 1, shaggy fur 1, tough skin 1
a: Renounce Religion, Berserk, Trog's Hand, Brothers in Arms


You were in the Dungeon.
You worshipped Trog.
Trog was greatly pleased with you.
You visited 1 branch

Inventory:

Armour
 a - a +0 animal skin (worn)
Jewellery
 k - a +3 ring of dexterity (left claw)
 m - a +3 ring of protection (right claw)
Scrolls
 g - a scroll of blinking
 i - 2 scrolls of vulnerability
 j - a scroll of butterflies
Potions
 b - 9 potions of curing
 c - 7 potions of heal wounds
 d - a potion of haste
 e - 4 potions of magic
 f - 4 potions of berserk rage
 h - 2 potions of invisibility
 l - a potion of might
 n - a potion of resistance


   Skills:
 + Level 13.1 Fighting
 + Level 12.9 Dodging
 + Level 15.2 Unarmed Combat


You had 9 spell levels left.
You didn't know any spells.
Your spell library was empty.

Dungeon Overview and Level Annotations

Branches:
Dungeon (1/1)

Altars:
Ashenzari
Cheibriados
Dithmenos
Elyvilon
Fedhas
Gozag
Hepliaklqana
Kikubaaqudgha
Makhleb
Nemelex Xobeh
Okawaru
Qazlal
Ru
Sif Muna
Trog
Uskayaw
Vehumet
Wu Jian
Xom
Yredelemnul
Zin
The Shining One
Jiyva
Lugonu


Innate Abilities, Weirdness & Mutations

You are too large for most types of armour.
You have claws for hands.
Your natural rate of healing is unusually fast.
You are covered in fur. (AC +1)
You have tough skin. (AC +1)


Message History

A wolf comes into view.
The merfolk hits you from afar with a +0 trident!
You mangle the death yak!!
The death yak is moderately wounded.
The death yak gores you.
The merfolk impaler hits you from afar with a +1 trident of freezing.
The merfolk impaler freezes you.
You feel you are being watched by something.
You completely miss the death yak.
The death yak is moderately wounded.
The merfolk impaler hits you from afar with a +1 trident of freezing!
The merfolk impaler freezes you. The merfolk barely misses you.
You mangle the death yak!!
The death yak is heavily wounded.
The death yak completely misses you.
You feel you are being watched by something.
The merfolk impaler closely misses you.
You claw the death yak!
The death yak is severely wounded.
The merfolk hits you from afar with a +0 trident!!
* * * LOW HITPOINT WARNING * * *
You mangle the death yak!!
The death yak is almost dead.
The merfolk impaler misses you. The death yak closely misses you.
You feel you are being watched by something.
You mangle the death yak!!
You kill the death yak!
Trog accepts your kill. The merfolk impaler misses you.
Your Fighting skill increases to level 13!
Your Unarmed Combat skill increases to level 15!
The merfolk hits you with a +0 trident!
* * * LOW HITPOINT WARNING * * *
The snapping turtle bites you from afar!!
* * * LOW HITPOINT WARNING * * *
You feel you are being watched by something.
Something hits you but does no damage.
Deactivating autopickup; reactivate with Ctrl-A.
Something hits you!
You die...

###')######
.##')############ ######
.##......'..+...### .....
.##...)†.'..+.....## ....
.##....†##..##.....##
...#
.##...###....###....#
...#
.##..##........###.###..#
.##++#...#..#...#mm..#h.#
## ............@mtm.mh.+
## ++#...#..#...#....#..#
[# ##........###.###h.#
[# ###....###..).# h.m#
)# ##..# .....## .Y.# )#
+.. .....## ..m. )# +..
...## m.... ## ## ###
######


You could see a merfolk impaler, a snapping turtle, 4 merfolk and 2 wolves.

Vanquished Creatures
  A death yak (D)
  An orc knight (D)
  A molten gargoyle (D)
  A gargoyle (D)
  A hellwing (D)
  A tyrant leech (D)
  Grinder (D)
  3 yaks (D)
  A vampire mosquito (D)
  Menkaure (D)
  A floating eye (D)
  An ice beast (D)
  An orc warrior (D)
  A necrophage (D)
  A scorpion (D)
  2 hounds (D)
  An iron imp (D)
  A jelly (D)
  A hell rat (D)
  An orc wizard (D)
  3 adders (D)
  A white imp (D)
  An orc (D)
  A ball python (D)
  An endoplasm (D)
  A giant cockroach (D)
  2 goblins (D)
  A hobgoblin (D)
  2 quokkas (D)
36 creatures vanquished.

Vanquished Creatures (collateral kills)
  A merfolk impaler (D)
  A hydra (D)
  A deep elf pyromancer (D)
  A rime drake (D)
  A guardian mummy (D)
  A merfolk (D)
  A redback (D)
  2 vampire mosquitoes (D)
  A sky beast (D)
  A black bear (D)
  A wolf (D)
  A jelly (D)
  An ufetubus (D)
  A goblin (D)
15 creatures vanquished.

Grand Total: 51 creatures vanquished

Notes
Turn   | Place    | Note
-------+----------+-------------------------------------------
     0 | D        | sircluck the Troll Berserker began the quest for the Orb.
     0 | D        | Reached XP level 1. HP: 22/22 MP: 0/0
    20 | D        | Found a bloodstained altar of Trog.
    20 | D        | Found a shimmering blue altar of Sif Muna.
    20 | D        | Found a viscous altar of Jiyva.
    20 | D        | Found a hazy altar of Hepliaklqana.
    20 | D        | Found an opulent altar of Gozag.
    21 | D        | Found a glowing golden altar of the Shining One.
    21 | D        | Found a glowing silver altar of Zin.
    21 | D        | Found a basalt altar of Yredelemnul.
    21 | D        | Found a shimmering altar of Xom.
    21 | D        | Found an ornate altar of the Wu Jian Council.
    21 | D        | Found a sacrificial altar of Ru.
    21 | D        | Found a stormy altar of Qazlal.
    21 | D        | Found an iron altar of Okawaru.
    21 | D        | Found a sparkling altar of Nemelex Xobeh.
    21 | D        | Found a burning altar of Makhleb.
    21 | D        | Found a blossoming altar of Fedhas.
    21 | D        | Found a white marble altar of Elyvilon.
    21 | D        | Found a shadowy altar of Dithmenos.
    21 | D        | Found a snail-covered altar of Cheibriados.
    23 | D        | Found a radiant altar of Vehumet.
    23 | D        | Found a corrupted altar of Lugonu.
    24 | D        | Found a hide-covered altar of Uskayaw.
    24 | D        | Found an ancient bone altar of Kikubaaqudgha.
    24 | D        | Found a broken altar of Ashenzari.
    55 | D        | Noticed a floating eye
    59 | D        | Killed a floating eye
    60 | D        | Reached skill level 5 in Unarmed Combat
    60 | D        | Reached XP level 2. HP: 33/33 MP: 1/1
    60 | D        | Reached XP level 3. HP: 41/41 MP: 2/2
    60 | D        | Reached XP level 4. HP: 49/49 MP: 3/3
    60 | D        | Reached ** piety under Trog
    61 | D        | Reached skill level 5 in Fighting
    70 | D        | Noticed a scorpion
    75 | D        | Killed a scorpion
    76 | D        | Reached skill level 5 in Dodging
    76 | D        | Reached skill level 6 in Unarmed Combat
    76 | D        | Reached XP level 5. HP: 48/58 MP: 4/4
    99 | D        | Reached *** piety under Trog
   157 | D        | Reached **** piety under Trog
   158 | D        | Reached skill level 7 in Unarmed Combat
   167 | D        | Noticed Menkaure
   167 | D        | Noticed an orc warrior
   194 | D        | Killed an orc warrior
   195 | D        | Reached skill level 8 in Unarmed Combat
   195 | D        | Reached XP level 6. HP: 47/71 MP: 5/5
   195 | D        | Reached ***** piety under Trog
   199 | D        | Killed Menkaure
   200 | D        | Reached skill level 9 in Unarmed Combat
   243 | D        | Reached XP level 7. HP: 74/79 MP: 6/6
   250 | D        | Noticed an orc knight
   259 | D        | Killed an orc knight
   260 | D        | Reached skill level 10 in Unarmed Combat
   287 | D        | Noticed a gargoyle
   299 | D        | Killed a gargoyle
   300 | D        | Reached skill level 11 in Unarmed Combat
   300 | D        | Reached XP level 8. HP: 77/92 MP: 7/7
   353 | D        | Received a gift from Trog
   449 | D        | Noticed a molten gargoyle
   460 | D        | Reached skill level 10 in Fighting
   460 | D        | Reached skill level 10 in Dodging
   464 | D        | Reached skill level 12 in Unarmed Combat
   466 | D        | Killed a molten gargoyle
   466 | D        | Reached ****** piety under Trog
   466 | D        | Received a gift from Trog
   467 | D        | Reached XP level 9. HP: 102/102 MP: 8/8
   520 | D        | Noticed a tyrant leech
   522 | D        | Noticed Grinder
   533 | D        | Received a gift from Trog
   534 | D        | Reached skill level 13 in Unarmed Combat
   538 | D        | Killed Grinder
   542 | D        | Killed a tyrant leech
   690 | D        | Noticed a hellwing
   694 | D        | Noticed a four-headed hydra
   694 | D        | Noticed a guardian mummy
   694 | D        | Noticed a deep elf pyromancer
   699 | D        | Killed a hellwing
   700 | D        | Killed a four-headed hydra
   701 | D        | Reached XP level 10. HP: 111/115 MP: 9/9
   703 | D        | Killed a deep elf pyromancer
   704 | D        | Reached skill level 14 in Unarmed Combat
   720 | D        | Received a gift from Trog
   733 | D        | Noticed a merfolk impaler
   733 | D        | Noticed a merfolk impaler
   733 | D        | Noticed a death yak
   740 | D        | Killed a merfolk impaler
   759 | D        | Killed a death yak
   760 | D        | Reached skill level 15 in Unarmed Combat
   760 | D        | HP: 7/178 [snapping turtle (22)]
   760 | D        | Slain by a ghost moth

Illustrated notes

Levels and vault maps discovered:
D:        pitsprint [storerooms_1, entrance_room_1, metal_vault_4, armoury_3,
          mini_pit_1, grid_room_1, main_hall_1, silver_pit, the_coven_2,
          the_vestibule_1, steel_vault_1, golden_pit, hallway_of_sentries,
          crystal_vault_1, iron_vault_4, final_vault]

Skill      XL: |  1  2  3  4  5  6  7  8  9 10 |
---------------+-------------------------------+-----
Fighting       | 4 5 7 9 10 11 13 | 13.1
Dodging        | 4 5 6 7 9 10 11 12 | 12.9
Unarmed Combat | 5 6 8 9 11 12 13 15 | 15.2

Action                     |  1- 3 |  4- 6 |  7- 9 | 10-12 || total
---------------------------+-------+-------+-------+-------++-------
  Melee: Unarmed           |     5 |    39 |    59 |     7 ||   110
         Punch             |       |     1 |     2 |       ||     3
 Invoke: Berserk           |       |       |     3 |     1 ||     4
         Brothers in Arms  |       |       |     3 |     2 ||     5
    Use: Potion            |       |       |       |     3 ||     3
 Armour: Animal skin       |       |    18 |    19 |    25 ||    62
  Dodge: Dodged            |       |    19 |    36 |    21 ||    76

Table legend: (Time is in decaauts)
 A = Elapsed time spent in this place.
 B = Non-inter-level travel time spent in this place.
 C = Inter-level travel time spent in this place.
 D = Time resting spent in this place.
 E = Time spent auto-exploring this place.
 F = Levels seen in this place.
 G = Mean time per level.
                   A        B        C        D        E       F      G
               +--------+--------+--------+--------+--------+-----+--------+
         Total |    766 |    766 |      0 |    288 |    217 |   1 |  766.0 |
       Dungeon |    766 |    766 |      0 |    288 |    217 |   1 |  766.0 |
               +--------+--------+--------+--------+--------+-----+--------+

Top non-repeatable levels by time:
       D: 766 daAuts
